 Dungeon Crawl Stone Soup version 0.22-a0-282-gdd34a7d (webtiles) character file.

43 vishdafish the Skirmisher (level 3, -1/39 HPs)
             Began as an Ogre Hunter on Mar 17, 2018.
             Slain by an orc wizard
             ... wielding a +0 dagger
              (3 damage)
             ... on level 2 of the Dungeon.
             The game lasted 00:02:59 (993 turns).

vishdafish the Skirmisher (Ogre Hunter)              Turns: 993, Time: 00:03:00

Health: -1/39      AC:  3    Str: 16    XL:     3   Next: 58%
Magic:  3/3        EV: 10    Int: 13    God:
Gold:   80         SH:  0    Dex:  9    Spells: 2/2 levels left

rFire    . . .     SeeInvis .   a - +0 short sword
rCold    . . .     Gourm    .   (no shield)
rNeg     . . .     Faith    .   b - +0 robe
rPois    .         Spirit   .   (helmet restricted)
rElec    .         Reflect  .   (no cloak)
rCorr    .         Harm     .   (gloves unavailable)
MR       .....                  (boots unavailable)
Stlth    +.........             (no amulet)
HPRegen  0.13/turn              (no ring)
MPRegen  0.08/turn              (no ring)

@: no status effects
A: large, unfitting armour, tough skin 1
a: no special abilities


You were on level 2 of the Dungeon.
You were not hungry.

You visited 1 branch of the dungeon, and saw 2 of its levels.

You collected 80 gold pieces.

Inventory:

Hand Weapons
 a - a +0 short sword (weapon)
Missiles
 d - 2 throwing nets (quivered)
Armour
 b - a +0 robe (worn)
Jewellery
 g - an uncursed ring of fire
Comestibles
 f - 4 rations


   Skills:
 + Level 4.1 Fighting
 - Level 4.0 Throwing
 + Level 2.7 Dodging
 - Level 0.6 Stealth


You had 2 spell levels left.
You didn't know any spells.

Dungeon Overview and Level Annotations

Branches:
Dungeon (2/15)

Altars:


Innate Abilities, Weirdness & Mutations

You are too large for most types of armour.
You have tough skin. (AC +1)


Message History

The orc wizard barely misses you. The orc wizard hits you with a dagger.
The orc wizard barely misses you.
You hit the orc wizard but do no damage.
The orc wizard is heavily wounded.
The orc wizard hits you with a dagger. The orc wizard barely misses you.
The orc wizard hits you with a dagger.
* * * LOW HITPOINT WARNING * * *
Throwing (i - inventory. (/) - cycle)
c - a large rock (quivered)
Press: ? - help, Shift-Dir - straight line, f/p - orc wizard
Aim: an orc wizard, wielding a dagger and wearing a robe (heavily wounded, fast)
You throw a large rock.
The large rock closely misses the orc wizard.
The orc wizard hits you but does no damage. x2
The orc wizard barely misses you. The orc wizard hits you with a dagger.
* * * LOW HITPOINT WARNING * * *
The orc wizard casts a spell at you. The magic dart hits you!
* * * LOW HITPOINT WARNING * * *
The orc wizard hits you with a dagger.
You die...

#####...######
#.....#......#
..###...####.#
##.## #..#
##.# ..#####.#
........####.#
.......(o@o.(#
######..######
#..# #..# ...#
...## ...#
####


You could see 2 orc wizards.

Vanquished Creatures
  A gnoll (D:1)
  2 dart slugs
  2 leopard geckos (D:1)
  An orc (D:2)
  2 giant cockroaches (D:1)
  6 goblins (D:1)
  A hobgoblin (D:1)
  A kobold (D:1)
  2 bats (D:1)
  4 frilled lizards (D:1)
  5 rats (D:1)
27 creatures vanquished.

Notes
Turn   | Place    | Note
-------+----------+-------------------------------------------
     0 | D:1      | vishdafish the Ogre Hunter began the quest for the Orb.
     0 | D:1      | Reached XP level 1. HP: 22/22 MP: 1/1
   195 | D:1      | Reached XP level 2. HP: 18/31 MP: 2/2
   421 | D:1      | Reached XP level 3. HP: 33/39 MP: 3/3
   993 | D:2      | Slain by an orc wizard

Vault maps used:
D:1:      eino_arrival_water_star, serial_bayou_pond_d
D:2:      marbit_many_paths, lightli_temple_of_fire, minmay_joined_circles

Skill      XL: |  1  2  3 |
---------------+----------+-----
Fighting       | 3 4 |  4.1
Dodging        | 2 |  2.7
Throwing       | |  4.0
Stealth        | |  0.6

Action                   || total
-------------------------++-------
Melee: Short sword       ||   107
Throw: Large rock        ||     7
  Use: Scroll            ||     1
Armor: Robe              ||    32
Dodge: Dodged            ||    71

Table legend:
 A = Spawn XP
 B = Non-spawn XP
 C = Spawn XP percentage of total XP
 D = Spawn monster count
 E = Non-spawn monster count
 F = Spawn count percentage of total count
 G = Total turns spent on level
                    A         B        C        D         E        F      G
               +---------+---------+-------+---------+---------+-------+---------
         Total |       0 |      62 |   0.0 |       0 |      27 |   0.0 |   993
               +---------+---------+-------+---------+---------+-------+---------
           D:1 |       0 |      55 |   0.0 |       0 |      25 |   0.0 |   959
           D:2 |       0 |       7 |   0.0 |       0 |       2 |   0.0 |    34
               +---------+---------+-------+---------+---------+-------+---------
